 Dungeon Crawl Stone Soup version 0.19.0-23-gf02e663 (webtiles) character file.

1257 ImaNewbie the Basher (level 8, -2/56 HPs)
             Began as a Demonspawn Gladiator on Nov 19, 2016.
             Was a Believer of Okawaru.
             Shot with an arrow by a centaur (8 damage)
             ... on level 5 of the Dungeon.
             The game lasted 00:19:47 (5555 turns).

ImaNewbie the Basher (Demonspawn Gladiator)         Turns: 5555, Time: 00:19:48

Health: -2/56      AC: 11    Str: 17    XL:     8   Next: 26%
Magic:  10/10      EV: 13    Int:  9    God:    Okawaru [**....]
Gold:   249        SH:  0    Dex: 15    Spells: 1 memorised, 6 levels left

rFire  . . .     SeeInvis .     a - +0 flail
rCold  . . .     Gourm    .     b - +0 leather armour
rNeg   . . .     Faith    +     (no shield)
rPois  .         Spirit   .     m - +2 helmet
rElec  .         Reflect  .     g - +0 cloak
rCorr  .         Harm     .     B - +0 pair of gloves
MR     .....                    s - +0 pair of boots
Stlth  ++........               j - amulet of faith
                                l - ring of wizardry
                                o - ring of stealth

@: no status effects
A: hooves 1, slimy green scales 1, powered by pain 1
a: Heroism, Renounce Religion


You were on level 5 of the Dungeon.
You worshipped Okawaru.
Okawaru was pleased with you.
You were hungry.

You visited 1 branch of the dungeon, and saw 5 of its levels.
You also visited: Sewer.

You collected 249 gold pieces.

Inventory:

Hand Weapons
 a - a +0 flail (weapon)
Missiles
 d - 3 throwing nets (quivered)
Armour
 b - a +0 leather armour (worn)
 g - a +0 cloak (worn)
 m - a +2 helmet (worn)
 s - a +0 pair of boots (worn)
 B - a +0 pair of gloves (worn)
Jewellery
 i - an uncursed ring of protection from cold
 j - an amulet of faith (around neck)
 l - a ring of wizardry (right hand)
 o - a ring of stealth (left hand)
 x - an uncursed amulet of regeneration {unknown}
 N - an uncursed ring of fire {unknown}
Wands
 u - a wand of iceblast (9/15)
 z - a wand of flame (29/48)
Scrolls
 c - 2 scrolls of enchant armour {unknown}
 q - a scroll of amnesia
 r - a scroll of identify
 t - a scroll of remove curse {unknown}
 v - a scroll of blinking {unknown}
 y - 3 scrolls of magic mapping {unknown}
 D - a scroll of enchant weapon {unknown}
 E - a scroll of teleportation
 G - a scroll of fear {unknown}
 H - a scroll of random uselessness {unknown}
Potions
 e - a potion of degeneration {unknown}
 h - a potion of cure mutation
 k - 3 potions of ambrosia
 n - a potion of haste {unknown}
 p - 3 potions of lignification
 w - a potion of berserk rage {unknown}
 C - 3 potions of heal wounds
 J - a potion of curing {unknown}
 M - a potion of mutation {unknown}
Books
 A - a book of Necromancy

   Spells                             Type                      Level
   a - Pain                           Necromancy                   1
   b - Animate Skeleton               Necromancy                   1
   c - Vampiric Draining              Necromancy                   3
   d - Regeneration                   Charms/Necromancy            3
   e - Animate Dead                   Necromancy                   4
   f - Control Undead                 Necromancy                   4
Comestibles
 f - 5 bread rations
 F - 3 meat rations
 I - a beef jerky
 K - a royal jelly
 L - a slice of pizza


   Skills:
 - Level 2.0 Fighting
 - Level 9.1 Maces & Flails
 - Level 1.7 Throwing
 - Level 2.6 Dodging
 + Level 1.3 Spellcasting
 * Level 2.9 Necromancy


You had 6 spell levels left.
You knew the following spells:

 Your Spells              Type           Power        Failure   Level  Hunger
a - Regeneration          Chrm/Necr      #.........   45%         3    ####...


Dungeon Overview and Level Annotations

Branches:
Dungeon (5/15)
 Temple: D:4-7

Altars:
Ashenzari
Dithmenos
Elyvilon
Fedhas
Hepliaklqana
Kikubaaqudgha
Okawaru
Zin

Annotations:
D:2 Sigmund


Innate Abilities, Weirdness & Mutations

You have large cloven feet.
You are partially covered in slimy green scales. (AC +2)
You sometimes gain a little power by taking damage.


Message History

The centaur shoots an arrow.
The arrow misses you.
The centaur shoots an arrow.
The arrow closely misses you.
The centaur shoots an arrow.
The arrow hits you.
You see here an arrow.
The centaur shoots an arrow.
The arrow barely misses you.
You see here an arrow.
The centaur shoots an arrow.
The arrow barely misses you.
You see here an arrow.
The centaur shoots an arrow.
The arrow hits you but does no damage.
You see here 2 arrows.
A quokka comes into view.
The centaur shoots an arrow.
The arrow closely misses you.
The centaur shoots an arrow.
The arrow hits you!
* * * LOW HITPOINT WARNING * * *
You see here an arrow.
The centaur shoots an arrow.
The arrow hits you.
* * * LOW HITPOINT WARNING * * *
You see here an arrow.
The centaur shoots an arrow.
The arrow hits you!
You die...

#.#.#########
#.#.......... #
##########.#.#########
r......................
#...........#.####.####
. ##.#######..##### #
.###.................
...........##.#####.
#.......@.##..#
#.....((..###.# #
#.....(...# .# ...
#.........# .# ...
#.........# #.#....#
... #.........#
#.#....# ###
#.....###.###.#....#
#c###.###..........
#####(###.....####....


You could see a centaur.

Vanquished Creatures
  The ghost of Xight the Magician, a novice DEFE (Sewer)
  An ice beast (D:5)
  Purgy (Sewer)
  A sky beast (D:5)
  A centaur (D:5)
  4 howler monkeys (D:4)
  5 orc priests
  2 jellies (D:5)
  An orc wizard (D:4)
  A bullfrog skeleton (D:4)
  Ijyb (D:2)
  2 worker ants (D:4)
  Robin (D:2)
  4 gnolls
  6 adders
  An adder skeleton (D:2)
  An adder zombie (D:5)
  4 worms
  2 dart slugs
  3 leopard geckos
  13 orcs
  9 bats
  4 giant cockroaches
  18 goblins
  4 hobgoblins
  3 jackals (D:4)
  13 kobolds
  3 quokkas
  5 ball pythons
  4 frilled lizards
  A jackal skeleton (D:4)
  A leopard gecko skeleton (D:2)
  2 quokka skeletons (D:4)
  5 rats
128 creatures vanquished.

Notes
Turn   | Place    | Note
-------+----------+-------------------------------------------
     0 | D:1      | ImaNewbie the Demonspawn Gladiator began the quest for the Orb.
     0 | D:1      | Reached XP level 1. HP: 16/16 MP: 1/1
    95 | D:1      | Reached skill level 3 in Maces & Flails
   156 | D:1      | Gained mutation: You are partially covered in slimy green scales. (AC +2) [demonic ancestry]
   156 | D:1      | Reached XP level 2. HP: 20/22 MP: 2/2
   838 | D:1      | Reached XP level 3. HP: 25/27 MP: 3/3
  1176 | D:2      | Reached skill level 4 in Maces & Flails
  1294 | D:2      | Found a shattered altar of Ashenzari.
  1295 | D:2      | Found a hazy altar of Hepliaklqana.
  1295 | D:2      | Found an iron altar of Okawaru.
  1297 | D:2      | Found a glowing silver altar of Zin.
  1297 | D:2      | Found a shadowy altar of Dithmenos.
  1299 | D:2      | Found an ancient bone altar of Kikubaaqudgha.
  1299 | D:2      | Found a blossoming altar of Fedhas.
  1300 | D:2      | Found a white marble altar of Elyvilon.
  1614 | D:2      | Noticed Ijyb
  1640 | D:2      | Killed Ijyb
  1640 | D:2      | Reached XP level 4. HP: 30/33 MP: 4/4
  1883 | D:2      | Noticed Sigmund
  2046 | D:2      | Noticed Robin
  2069 | D:2      | Reached skill level 5 in Maces & Flails
  2100 | D:2      | Killed Robin
  2483 | D:2      | Reached XP level 5. HP: 36/38 MP: 5/5
  2495 | D:2      | Became a worshipper of Warmaster Okawaru
  3135 | D:3      | Found a faded altar of an unknown god.
  3398 | D:4      | Reached skill level 6 in Maces & Flails
  3492 | D:4      | Gained mutation: You sometimes gain a little power by taking damage. [demonic ancestry]
  3492 | D:4      | Reached XP level 6. HP: 28/44 MP: 6/6
  3781 | D:4      | Reached * piety under Okawaru
  3835 | D:4      | Found a glowing drain.
  3888 | Sewer    | Entered a sewer
  3888 | Sewer    | Noticed Xight's ghost (novice DEFE)
  3905 | Sewer    | Killed Xight's ghost
  3905 | Sewer    | Reached skill level 7 in Maces & Flails
  3905 | Sewer    | Reached XP level 7. HP: 32/50 MP: 5/7
  4084 | Sewer    | Noticed Purgy
  4095 | Sewer    | Killed Purgy
  4095 | Sewer    | Reached ** piety under Okawaru
  4302 | D:4      | Reached skill level 8 in Maces & Flails
  5064 | D:5      | Entered Level 5 of the Dungeon
  5224 | D:5      | Reached skill level 9 in Maces & Flails
  5224 | D:5      | Gained mutation: You have large cloven feet. [demonic ancestry]
  5224 | D:5      | Reached XP level 8. HP: 25/56 MP: 8/8
  5396 | D:5      | Learned a level 3 spell: Regeneration
  5441 | D:5      | Reached skill level 1 in Necromancy
  5456 | D:5      | Reached skill level 1 in Spellcasting
  5555 | D:5      | Shot with an arrow by a centaur

Skill      XL: |  1  2  3  4  5  6  7  8 |
---------------+-------------------------+-----
Maces & Flails | 3 4 5 6 7 9 |  9.1
Necromancy     | 2 |  2.9
Spellcasting   | 1 |  1.3
Fighting       | |  2.0
Throwing       | |  1.7
Dodging        | |  2.6

Action                   |  1- 3 |  4- 6 |  7- 9 || total
-------------------------+-------+-------+-------++-------
Melee: Flail             |   122 |   261 |   206 ||   589
Invok: Heroism           |       |     1 |       ||     1
  Use: Scroll            |       |     3 |     3 ||     6
 Stab: Sleeping          |     1 |     4 |     4 ||     9
       Distracted        |       |       |     1 ||     1
  Eat: Chunk             |     2 |     8 |     5 ||    15
Armor: Leather armour    |    52 |   119 |    95 ||   266
Dodge: Dodged            |    81 |   186 |   125 ||   392
